 Dungeon Crawl Stone Soup version 0.24.1-5-g77f818bfca (webtiles) character file.

Game seed: 11398249950808043422, levelgen mode: deterministic

54632 nightchill the Basher (level 14, -7/94 HPs)
             Began as a Gargoyle Venom Mage on Apr 26, 2020.
             Was a High Priest of Okawaru.
             Mangled by Rupert
             ... wielding a +3 executioner's axe of chopping
              (11 damage)
             ... on level 1 of the Orcish Mines.
             The game lasted 01:20:17 (24764 turns).

nightchill the Basher (Gargoyle Venom Mage)        Turns: 24764, Time: 01:20:17

Health: -7/94      AC: 28    Str: 19    XL:     14   Next: 73%
Magic:  11/21      EV: 13    Int: 17    God:    Okawaru [*****.]
Gold:   1339       SH:  0    Dex: 10    Spells: 7/17 levels left

rFire    . . .     SeeInvis +   a - +0 dire flail (crush)
rCold    . . .     Gourm    .   (shield currently unavailable)
rNeg     + . .     Faith    .   z - +5 ring mail of Generosity {rCorr SInv}
rPois    ∞         Spirit   .   r - +2 helmet
rElec    +         Reflect  .   d - scarf {cloud immunity}
rCorr    +         Harm     .   e - +0 pair of gloves of Koeliti {SInv}
MR       ++...                  (no boots)
Stlth    +++.......             X - amulet of regeneration
HPRegen  0.65/turn              h - ring of protection from magic
MPRegen  0.17/turn              x - +3 ring of strength

@: heroism, finesse
A: big wings, negative energy resistance 1, electricity resistance, unbreathing,
petrification resistance, rot immunity, AC +10
a: Fly, Heroism, Finesse, Renounce Religion


You were on level 1 of the Orcish Mines.
You worshipped Okawaru.
Okawaru was extremely pleased with you.
You were not hungry.

You visited 4 branches of the dungeon, and saw 21 of its levels.
You also visited: Sewer.

You collected 1339 gold pieces.

Inventory:

Hand Weapons
 a - a +0 dire flail of crushing (weapon)
 b - a +2 flail of holy wrath
 f - the +11 morningstar "Etzong" {drain, rC- Dex+5}
   (Okawaru gifted it to you on level 6 of the Lair of Beasts)

   A truly terrible weapon, it drains the life of those it strikes.
   It affects your dexterity (+5).
   It makes you vulnerable to cold.
Missiles
 m - 35 poisoned darts
 s - 9 silver boomerangs (quivered)
Armour
 d - a scarf of cloud immunity (worn)
 e - the +0 pair of gloves of Koeliti (worn) {SInv}
   (You found it on level 5 of the Lair of Beasts)

   It lets you see invisible.
 r - a +2 helmet (worn)
 z - the +5 ring mail of Generosity (worn) {rCorr SInv}
   (You found it on level 4 of the Dungeon)

   It lets you see invisible.
   It provides partial protection from all sources of acid and corrosion.
 Y - a +0 shield
Jewellery
 h - a ring of protection from magic (left hand)
 l - an uncursed ring of see invisible
 x - a +3 ring of strength (right hand)
 S - an uncursed ring of ice
 X - an amulet of regeneration (around neck)
Wands
 g - a wand of iceblast (9)
 u - a wand of acid (9)
 w - a wand of polymorph (10)
 E - a wand of clouds (1)
 N - a wand of disintegration (11)
 Q - a wand of flame (23)
 U - a wand of enslavement (7)
Scrolls
 i - 5 scrolls of fear {unknown}
 k - 2 scrolls of remove curse
 n - 4 scrolls of enchant armour {unknown}
 p - a scroll of fog {unknown}
 t - 4 scrolls of magic mapping {unknown}
 y - 5 scrolls of amnesia {unknown}
 B - 5 scrolls of silence {unknown}
 D - 9 scrolls of teleportation
 F - a scroll of enchant weapon {unknown}
 I - a scroll of random uselessness {unknown}
 K - a scroll of torment {unknown}
 M - a scroll of acquirement {unknown}
 O - a scroll of brand weapon {unknown}
 T - a scroll of blinking {unknown}
 W - 2 scrolls of immolation {unknown}
 Z - a scroll of summoning {unknown}
Potions
 o - 4 potions of curing
 v - 4 potions of haste
 A - 3 potions of berserk rage
 G - 2 potions of degeneration {unknown}
 H - 4 potions of agility
 J - a potion of resistance
 L - a potion of might
 P - 2 potions of cancellation
 V - 2 potions of brilliance
Comestibles
 c - 34 rations
 R - 12 chunks of flesh


   Skills:
 + Level 13.5(18.5) Fighting
 + Level 14.3(19.3) Maces & Flails
 + Level 6.4(11.4) Armour
 - Level 1.5(6.5) Dodging
 - Level 2.1(7.1) Stealth
 + Level 7.3(12.3) Shields
 - Level 2.0 Spellcasting
 - Level 6.0 Conjurations
 - Level 2.0 Air Magic
 - Level 8.8 Poison Magic
 + Level 10.4 Invocations


You had 7 spell levels left.
You knew the following spells:

 Your Spells              Type           Power        Failure   Level  Hunger
a - Sting                 Conj/Pois      ####         1%          1    #......
b - Mephitic Cloud        Conj/Pois/Air  ###.....     9%          3    ###....
c - Passwall              Tmut/Erth      #.......     41%         2    ###....
d - Olgreb's Toxic Radia  Pois           ####....     8%          4    #####..

Your spell library contained the following spells:

 Spells                   Type           Power        Failure   Level  Hunger
 Magic Dart               Conj           ###.         2%          1    #......
 Searing Ray              Conj           ###...       3%          2    ###....
 Poisonous Vapours        Pois/Air       ###...       4%          2    ###....
 Spider Form              Tmut/Pois      ###.......   14%         3    ###....
 Iskenderun's Mystic Bla  Conj           ###.....     24%         4    #####..
 Conjure Flame            Conj/Fire      ##......     26%         3    ###....
 Dazzling Spray           Conj/Hex       ##....       26%         3    ###....
 Beastly Appendage        Tmut           #.....       28%         1    #......
 Confusing Touch          Hex            #.....       28%         1    #......
 Freeze                   Ice            #...         28%         1    #......
 Venom Bolt               Conj/Pois      ####......   36%         5    ######.
 Ensorcelled Hibernation  Hex/Ice        #.....       41%         2    ###....
 Sticks to Snakes         Tmut           #.......     41%         2    ###....
 Force Lance              Conj/Tloc      ##......     63%         4    #####..
 Fulminant Prism          Conj/Hex       ##........   63%         4    #####..
 Confuse                  Hex            #.......     65%         3    ###....
 Gell's Gravitas          Tloc           #.........   65%         3    ###....
 Ice Form                 Ice/Tmut       #.......     96%         4    #####..
 Petrify                  Tmut/Erth      #.......     96%         4    #####..
 Blade Hands              Tmut           #.........   100%        5    ######.
 Metabolic Englaciation   Hex/Ice        #.........   100%        5    ######.
 Yara's Violent Unravell  Hex/Tmut       #.........   100%        5    ######.
 Freezing Cloud           Conj/Ice/Air   ##........   100%        6    #######
 Ring of Flames           Chrm/Fire      #.........   100%        7    #######
 Shatter                  Erth           #.........   100%        9    #######


Dungeon Overview and Level Annotations

Branches:
Dungeon (12/15)            Temple (1/1) D:4            Lair (6/6) D:9
  Swamp (0/4) Lair:3        Snake (0/4) Lair:3        Slime (0/5) Lair:6
    Orc (2/2) D:12          Sewer (visited)
    Elf: Orc:2

Altars:
Ashenzari
Cheibriados
Dithmenos
Elyvilon
Fedhas
Gozag
Hepliaklqana
Kikubaaqudgha
Makhleb
Nemelex Xobeh
Okawaru
Qazlal
Ru
Sif Muna
Trog
Uskayaw
Vehumet
Wu Jian
Xom
Yredelemnul
Zin
The Shining One
Jiyva

Annotations:
D:4 2 transporters, Otrantor's ghost, amateur HOFi
D:6 1 runed translucent door, MajorAdolf's ghost, novice NaWn
Lair:1 3 runed translucent doors, boyan's ghost, journeyman DsAK
Lair:3 3 runed translucent doors, Deesahac's ghost, journeyman BaFi; Huasawuy's ghost, journeyman TrWz; Ownusec's ghost, journeyman MfSk
Lair:5 1 runed translucent door, exclusion: 4 oklob plants, Imumygh's ghost, journeyman HOMo
Orc:1 Rupert


Innate Abilities, Weirdness & Mutations

You are resistant to torment.
Your stone body is resilient. (AC +10)
You are immune to poison.
Your large and strong wings let you fly indefinitely.
You resist negative energy. (rN+)
You are resistant to electric shocks. (rElec)
You can survive without breathing.
You are immune to petrification.
You are immune to rotting.


Message History

Rupert is lightly wounded.
Rupert hits you with a +3 executioner's axe of chopping!
You hit Rupert but do no damage.
Rupert is lightly wounded.
You puncture Rupert!
Rupert is lightly wounded.
You hit Rupert.
Rupert is lightly wounded.
Rupert hits you with a +3 executioner's axe of chopping!
You bludgeon Rupert!!
Rupert is moderately wounded.
Your ring mail of Generosity prevents you from hitting Rupert.
Rupert is moderately wounded.
You puncture Rupert!
Rupert is moderately wounded.
You thump Rupert!
Rupert is heavily wounded.
Rupert hits you with a +3 executioner's axe of chopping!!
* * * LOW HITPOINT WARNING * * *
You die...

##......###.## ###........#...#
##.##...#......##
#..............#
####.##...#.....####
##..#.#..........##.##
#......#.#.#.........# #
##.....##.#.........#### ##
##........@@.......##.## ##.
###...............#.##...# #..
##..................####.## ##.
#....................#.#..####.
##...........................##
##...........#.....#............
#.................#.............
#...#.................#..##.....
##.#.#........).)....##...#.....


You could see Rupert (berserk).

Vanquished Creatures
  A fire dragon (Lair:6)
  Josephine (D:10)
  Fannar (Lair:3)
  Erolcha (D:12)
  5 hydras
  A queen ant (Lair:2)
  3 death yaks
  4 two-headed ogres
  An orc high priest (Orc:1)
  Nergalle (D:10)
  A lindwurm (Lair:6)
  An unseen horror (D:10)
  An orc sorcerer (Orc:1)
  12 black mambas
  2 molten gargoyles (Lair:6)
  4 elephants (Lair:5)
  A torpor snail (Lair:6)
  4 spiny frogs
  A rime drake (Lair:2)
  10 komodo dragons
  4 trolls
  A queen bee (Lair:4)
  Grinder (D:3)
  3 meliai (Lair:4)
  A hornet (D:8)
  13 blink frogs
  3 hippogriffs
  Sigmund (D:4)
  4 wyverns (Lair:6)
  A spriggan (D:10)
  32 yaks
  4 wraiths (D:10)
  2 vampires
  8 basilisks
  2 steam dragons
  2 hungry ghosts
  Edmund (D:4)
  20 soldier ants (Lair:2)
  3 wargs
  Duvessa (D:5)
  16 water moccasins
  8 porcupines
  5 hell hounds (Lair:6)
  7 sky beasts
  3 ice beasts
  12 orc warriors
  A swamp drake (D:12)
  An eye of draining (D:12)
  A necrophage (D:11)
  3 phantoms
  3 wolves (Lair:4)
  12 ogres
  11 crocodiles
  5 centaurs
  6 big kobolds (Sewer)
  13 bullfrogs
  A gnoll sergeant (D:7)
  Dowan (D:5)
  2 scorpions
  27 killer bees
  15 wights
  5 howler monkeys
  4 crimson imps
  5 lava snakes (Lair:6)
  A bullfrog zombie (D:8)
  10 hounds
  3 jellies
  15 orc priests
  19 orc wizards
  2 centaur skeletons
  Jessica (D:3)
  Natasha (thrice) (D:2)
  5 iguanas
  31 worker ants
  6 hell rats (Lair:5)
  A hound zombie (D:10)
  2 hound skeletons
  Robin (D:3)
  21 adders
  5 gnolls (D:7)
  2 river rats (D:4)
  2 howler monkey skeletons
  3 shadow imps
  5 oozes (Sewer)
  2 adder skeletons
  An adder zombie (D:7)
  8 worms
  A dart slug (D:2)
  A leopard gecko (D:4)
  73 orcs
  4 bats
  7 giant cockroaches
  20 goblins
  16 hobgoblins
  5 jackals
  3 quokkas
  5 ball pythons
  5 frilled lizards
  A jackal skeleton (D:8)
  8 kobolds
  2 quokka zombies
  10 rats
640 creatures vanquished.

Vanquished Creatures (others)
  A bullfrog zombie (D:12)
  2 orc wizards
  A bush (Lair:6)
  6 fungi
  17 plants
27 creatures vanquished.

Grand Total: 667 creatures vanquished

Notes
Turn   | Place    | Note
-------+----------+-------------------------------------------
     0 | D:1      | nightchill the Gargoyle Venom Mage began the quest for the
                  | Orb.
     0 | D:1      | Reached XP level 1. HP: 10/10 MP: 3/3
   365 | D:1      | Reached skill level 1 in Fighting
   365 | D:1      | Reached XP level 2. HP: 16/16 MP: 5/5
   554 | D:1      | You fall into a shaft and drop 1 floor!
   621 | D:2      | Reached skill level 1 in Maces & Flails
   656 | D:2      | Reached XP level 3. HP: 15/21 MP: 3/6
  1236 | D:2      | Noticed Natasha
  1289 | D:2      | Killed Natasha
  1289 | D:2      | Reached skill level 2 in Maces & Flails
  1289 | D:2      | Reached XP level 4. HP: 21/26 MP: 3/7
  1366 | D:2      | Found a blossoming altar of Fedhas.
  1931 | D:3      | Found a sacrificial altar of Ru.
  1977 | D:2      | Reached skill level 3 in Maces & Flails
  2263 | D:2      | Noticed Natasha
  2271 | D:2      | Killed Natasha
  2271 | D:2      | Reached XP level 5. HP: 27/32 MP: 8/8
  2282 | D:2      | Noticed Natasha
  2291 | D:2      | Killed Natasha
  2779 | D:3      | Noticed Jessica
  2785 | D:3      | Killed Jessica
  2785 | D:3      | Reached skill level 4 in Maces & Flails
  2830 | D:3      | Found a glowing golden altar of the Shining One.
  2841 | D:3      | Noticed Grinder
  2841 | D:3      | Paralysed by Grinder for 5 turns
  2896 | D:3      | Reached XP level 6. HP: 34/37 MP: 9/9
  3061 | D:3      | Noticed Robin
  3110 | D:3      | Killed Robin
  3242 | D:3      | Killed Grinder
  3242 | D:3      | Reached skill level 5 in Maces & Flails
  3242 | D:3      | Reached XP level 7. HP: 43/43 MP: 10/10
  3286 | D:4      | Found a staircase to the Ecumenical Temple.
  3291 | Temple   | Entered the Ecumenical Temple
  3597 | D:4      | Found a glowing drain.
  3639 | Sewer    | Entered a sewer
  4046 | Sewer    | Reached skill level 6 in Maces & Flails
  4281 | Sewer    | Reached skill level 5 in Fighting
  4410 | Sewer    | Reached skill level 7 in Maces & Flails
  4410 | Sewer    | Reached XP level 8. HP: 49/50 MP: 11/11
  4653 | D:4      | Noticed Sigmund
  4665 | D:4      | Killed Sigmund
  4743 | D:4      | Noticed Edmund
  4763 | D:4      | Killed Edmund
  4763 | D:4      | Reached skill level 8 in Maces & Flails
  5203 | D:4      | Got a pitted ring mail
  5206 | D:4      | Identified the +5 ring mail of Generosity {rCorr SInv} (You
                  | found it on level 4 of the Dungeon)
  5293 | D:4      | Found a hide-covered altar of Uskayaw.
  5477 | D:4      | Found a transporter.
  5484 | D:4      | Noticed Otrantor's ghost (amateur HOFi)
  5535 | D:4      | Found a transporter.
  5654 | D:5      | Entered Level 5 of the Dungeon
  5705 | D:4      | Reached XP level 9. HP: 21/56 MP: 12/12
  5930 | D:5      | Reached skill level 9 in Maces & Flails
  6051 | D:5      | Found a shimmering altar of Xom.
  6056 | D:5      | Found a burning altar of Makhleb.
  6300 | D:5      | Noticed Duvessa
  6317 | D:5      | Noticed Dowan
  6325 | D:5      | Killed Duvessa
  6341 | D:5      | Killed Dowan
  6945 | D:5      | Reached skill level 10 in Maces & Flails
  7145 | D:6      | You fall into a shaft and drop 2 floors!
  7153 | D:8      | Noticed a troll
  8014 | D:7      | Reached XP level 10. HP: 60/65 MP: 13/13
  8121 | D:6      | Reached skill level 11 in Maces & Flails
  8329 | D:6      | Learned a level 3 spell: Mephitic Cloud
  8366 | D:6      | Found a runed translucent door.
  8368 | D:6      | Noticed MajorAdolf's ghost (novice NaWn)
  8381 | D:6      | Identified the Grimoire of the Mackerel
  8391 | D:6      | Got a twisted chain mail
  8397 | D:6      | Learned a level 2 spell: Passwall
  9546 | D:8      | Reached skill level 1 in Air Magic
 10496 | D:8      | Found an iron altar of Okawaru.
 10570 | D:8      | Became a worshipper of Warmaster Okawaru
 10604 | D:9      | Noticed a two-headed ogre
 10897 | D:9      | Reached skill level 12 in Maces & Flails
 10954 | D:9      | Noticed a two-headed ogre
 10964 | D:9      | Killed a two-headed ogre
 10964 | D:9      | Reached skill level 1 in Invocations
 10964 | D:9      | Reached XP level 11. HP: 65/71 MP: 14/14
 11062 | D:9      | Reached * piety under Okawaru
 11381 | D:9      | Found a staircase to the Lair.
 11400 | D:9      | Reached skill level 5 in Poison Magic
 11554 | D:9      | Found a bloodstained altar of Trog.
 12162 | D:10     | Entered Level 10 of the Dungeon
 12178 | D:10     | Noticed an unseen horror
 12198 | D:10     | Killed an unseen horror
 12481 | D:10     | Noticed a two-headed ogre
 12502 | D:10     | Killed a two-headed ogre
 12502 | D:10     | Reached skill level 10 in Fighting
 12512 | D:10     | Reached ** piety under Okawaru
 12732 | D:10     | Reached skill level 5 in Conjurations
 12769 | D:10     | Noticed Josephine
 12786 | D:10     | Killed Josephine
 13036 | D:10     | Reached *** piety under Okawaru
 13140 | D:10     | Reached skill level 13 in Maces & Flails
 13241 | D:10     | Learned a level 4 spell: Olgreb's Toxic Radiance
 13331 | D:10     | Identified the +3 chain mail of Galahos {rF+ Regen+ Int-5
                  | Dex+4} (You found it on level 6 of the Dungeon)
 13451 | D:10     | Reached XP level 12. HP: 74/78 MP: 15/15
 13482 | D:10     | Noticed Nergalle
 13500 | D:10     | Killed Nergalle
 13595 | D:10     | Reached **** piety under Okawaru
 13767 | Lair:1   | Entered Level 1 of the Lair of Beasts
 13959 | Lair:1   | Reached skill level 5 in Invocations
 13989 | Lair:1   | Noticed a four-headed hydra
 13989 | Lair:1   | Noticed a death yak
 14004 | Lair:1   | Killed a four-headed hydra
 14513 | Lair:1   | Found a runed translucent gate.
 14513 | Lair:1   | Found a runed translucent gate.
 14513 | Lair:1   | Found a runed translucent gate.
 14515 | Lair:1   | Found a viscous altar of Jiyva.
 14515 | Lair:1   | Noticed boyan's ghost (journeyman DsAK)
 15005 | Lair:2   | Reached ***** piety under Okawaru
 15119 | Lair:1   | Killed a death yak
 15340 | Lair:2   | Noticed a queen ant
 15356 | Lair:2   | Reached skill level 14 in Maces & Flails
 15373 | Lair:2   | Killed a queen ant
 15625 | Lair:2   | Reached XP level 13. HP: 84/84 MP: 18/18
 16339 | Lair:3   | Found a staircase to the Swamp.
 16355 | Lair:3   | Reached skill level 1 in Shields
 16477 | Lair:3   | Received a gift from Okawaru
 16618 | Lair:3   | Found a staircase to the Snake Pit.
 16889 | Lair:3   | Found a runed translucent gate.
 16889 | Lair:3   | Found a runed translucent gate.
 16889 | Lair:3   | Found a runed translucent gate.
 16891 | Lair:3   | Noticed Huasawuy's ghost (journeyman TrWz)
 16891 | Lair:3   | Noticed Deesahac's ghost (journeyman BaFi)
 16891 | Lair:3   | Noticed Ownusec's ghost (journeyman MfSk)
 17036 | Lair:3   | Noticed Fannar
 17062 | Lair:3   | Killed Fannar
 17709 | Lair:4   | Reached skill level 1 in Armour
 19113 | Lair:4   | Got an ichor-stained flail
 19532 | Lair:5   | Got a pair of crude gloves
 19543 | Lair:5   | Identified the cursed +0 pair of gloves of Koeliti {SInv}
                  | (You found it on level 5 of the Lair of Beasts)
 19629 | Lair:5   | Noticed Imumygh's ghost (journeyman HOMo)
 19632 | Lair:5   | Found a runed translucent door.
 19669 | Lair:5   | Reached skill level 5 in Shields
 20078 | Lair:6   | Entered Level 6 of the Lair of Beasts
 20100 | Lair:6   | Received a gift from Okawaru
 20571 | Lair:6   | Gained mutation: Your large and strong wings let you fly
                  | indefinitely. [Gargoyle growth]
 20571 | Lair:6   | Reached XP level 14. HP: 71/92 MP: 14/20
 21063 | Lair:6   | Received a gift from Okawaru
 21063 | Lair:6   | Reached skill level 5 in Armour
 21072 | Lair:6   | Got a smoking morningstar {god gift}
 21197 | Lair:6   | Identified the +11 morningstar "Etzong" {drain, rC- Dex+5}
                  | (Okawaru gifted it to you on level 6 of the Lair of Beasts)
 21200 | Lair:6   | Identified the cursed +1 flail "Qaohuux" {flame, rF++ rN+
                  | Int-4} (You found it on level 4 of the Lair of Beasts)
 21794 | Lair:6   | Found a viscous altar of Jiyva.
 21794 | Lair:6   | Found a staircase to the Slime Pits.
 21860 | Lair:6   | Reached skill level 10 in Invocations
 22153 | Lair:6   | Found a large runed translucent door.
 22162 | Lair:6   | Found a large runed translucent door.
 23528 | D:11     | Found a shattered altar of Ashenzari.
 23837 | D:12     | Noticed Erolcha
 23923 | D:12     | Killed Erolcha
 23994 | D:12     | Found a staircase to the Orcish Mines.
 24083 | Orc:1    | Entered Level 1 of the Orcish Mines
 24748 | Orc:2    | Entered Level 2 of the Orcish Mines
 24748 | Orc:2    | Noticed Rupert
 24764 | Orc:1    | HP: 4/94 [Rupert/+3 executioner's axe of chopping (34)]
 24764 | Orc:1    | Mangled by Rupert

Levels and vault maps discovered:
D:1:      erik_arrival_blinker_ship, layout_loops_ring
D:2:      kennysheep_the_goblin_king, layout_rooms, fedhas_altar_2, uniq_natasha
D:3:      layout_basic, nicolae_overflow_hidden_temple, lemuel_doored_altar,
          first_ration, hangedman_decor_lopped, uniq_robin, uniq_grinder,
          uniq_jessica
D:4:      layout_basic, lemuel_round_altar, temple_doors_cd,
          gup_sewer_entry_bubbles, gammafunk_ghost_gnarly_gnolls, minivault_23,
          uniq_sigmund, uniq_edmund
D:5:      layout_basic, kennysheep_mini, bloody_makhleb, serial_bayou_pond_d,
          serial_bayou_pond_d, minivault_14, eino_tiny_chamber, uniq_duvessa
D:6:      layout_loops_cross, ebering_ghost_reflecting_pool,
          hangedman_minor_gate_pass
D:7:      layout_gridville
D:8:      layout_rooms, marbit_many_paths
D:9:      layout_basic, lightli_temple_of_fire, erik_lair_orcish_takeover
D:10:     layout_basic, the_bakery, interstate_on_off, uniq_nergalle,
          uniq_josephine
D:11:     layout_basic, lemuel_statue_altar
D:12:     layout_loops_ring, erik_orc_1, uniq_erolcha
Temple:   regret_index_temple_waves
Lair:1:   layout_cave_shapes, gammafunk_ghost_ooze,
          grunt_forest_large_clearing_hut, grunt_megastairs_5, lemuel_fruit_tree
Lair:2:   layout_hall_layers, minivault_29, grunt_megastairs_4
Lair:3:   layout_roguey, swamp_mist, minmay_snake_entry_six_corridors,
          gammafunk_ghost_cemetery, serial_bayou, serial_bayou_crossing,
          serial_bayou_pond_e, serial_bayou_pond_d, serial_bayou_pond_d,
          kennysheep_basilisk_garden, uniq_fannar
Lair:4:   layout_layer_cave, special_room [special_room_bee]
Lair:5:   layout_regular_city, hellmonk_ghost_happy_afterlife,
          minmay_lair_oklob_chamber, grunt_megastairs_2,
          infiniplex_staircase_pool
Lair:6:   cheibrodos_lair_end_hotspot, layout_long_grid, slime_altar_1,
          chequers_serial_rivers_room_a
Orc:1:    layout_caves
Orc:2:    st_orc_open, layout_caves, uniq_rupert

Skill      XL: |  1  2  3  4  5  6  7  8  9 10 11 12 13 14 |
---------------+-------------------------------------------+-----
Fighting       | 1 2 3 4 5 6 8 9 10 11 12 13 | 13.5
Maces & Flails | 1 2 3 4 5 7 8 10 12 13 14 | 14.3
Conjurations   | 4 5 6 |  6.0
Air Magic      | 2 |  2.0
Poison Magic   | 4 6 7 8 |  8.8
Invocations    | 1 4 7 9 10 | 10.4
Shields        | 5 7 |  7.3
Armour         | 4 6 |  6.4
Dodging        | |  1.5
Stealth        | |  2.1
Spellcasting   | |  2.0

Action                   |  1- 3 |  4- 6 |  7- 9 | 10-12 | 13-15 || total
-------------------------+-------+-------+-------+-------+-------++-------
Melee: Dagger            |    42 |   143 |   268 |       |       ||   453
       Unarmed           |     1 |       |       |       |       ||     1
       Dire flail        |       |       |   254 |   950 |   911 ||  2115
       Morningstar       |       |       |       |       |    42 ||    42
Throw: Dart              |       |       |     4 |       |       ||     4
       Boomerang         |       |       |       |     1 |       ||     1
 Cast: Sting             |    27 |     8 |       |       |       ||    35
       Mephitic Cloud    |       |       |       |     8 |     1 ||     9
       Olgreb's Toxic Ra |       |       |       |     4 |    30 ||    34
Invok: Heroism           |       |       |       |    10 |    36 ||    46
       Finesse           |       |       |       |       |     3 ||     3
Evoke: Wand              |       |       |       |     2 |       ||     2
  Use: Scroll            |       |     4 |     4 |     7 |     5 ||    20
       Potion            |       |     1 |       |     2 |     1 ||     4
 Stab: Sleeping          |     1 |     1 |     4 |       |     1 ||     7
       Confused          |       |       |       |     5 |     1 ||     6
  Eat: Chunk             |     1 |     7 |    16 |    24 |    25 ||    73
       Ration            |       |       |       |     1 |     4 ||     5
Armor: Robe              |     9 |     3 |       |       |       ||    12
       Ring mail         |       |    65 |   203 |   332 |   442 ||  1042
Dodge: Dodged            |    25 |    91 |   198 |   358 |   452 ||  1124
